 Dungeon Crawl Stone Soup version 0.26.1-11-gd32895ea62 (webtiles) character file.

Game seed: 4694271103597655058

23992 RUZZLEFAZAZZLE the Brawler (level 12, -9/133 HPs)
             Began as a Troll Monk on Mar 26, 2021.
             Was the Champion of Okawaru.
             Mangled by an eight-headed hydra (12 damage)
             ... on level 13 of the Dungeon on June 8, 2021.
             The game lasted 00:32:38 (12561 turns).

RUZZLEFAZAZZLE the Brawler (Troll Monk)            Turns: 12561, Time: 00:32:39

Health: -9/133     AC: 11    Str: 38    XL:     12   Next: 76%
Magic:  11/11      EV: 10    Int:  6    God:    Okawaru [******]
Gold:   952        SH:  0    Dex: 12    Spells: 11/11 levels left

rFire    . . .     SeeInvis .     - Unarmed
rCold    . . .     Faith    .   (no shield)
rNeg     . . .     Spirit   .   C - +0 troll leather armour
rPois    .         Reflect  .   (helmet restricted)
rElec    .         Harm     .   A - +0 cloak
rCorr    .         Rampage  .   (gloves unavailable)
Will     .....     Clarity  +   (boots unavailable)
Stlth    +.........             a - amulet of regeneration
HPRegen  1.52/turn              E - +6 ring of strength
MPRegen  0.12/turn              o - +6 ring of strength

@: no status effects
A: large, unfitting armour, claws 3, yellow scales 1, clarity, regeneration 1,
shaggy fur 1, tough skin 3
a: Renounce Religion, Heroism, Finesse


You were on level 13 of the Dungeon.
You worshipped Okawaru.
Okawaru was exalted by your worship.
You visited 2 branches of the dungeon, and saw 14 of its levels.

You collected 952 gold pieces.

Inventory:

Hand Weapons
 g - a +0 great mace of holy wrath
 F - a +2 battleaxe of freezing
 H - the +2 longbow of Ovich {freeze, +Fly Int+2}
   (Okawaru gifted it to you on level 12 of the Dungeon)

   It causes projectiles fired from it to freeze those they strike, causing
   extra injury to most foes and up to half again as much damage against
   particularly susceptible opponents.
   They can also slow down cold-blooded creatures.
   It affects your intelligence (+2).
   It lets you fly.
Armour
 A - a +0 cloak (worn)
 C - a +0 troll leather armour (worn)
Jewellery
 a - an amulet of regeneration (around neck)
 b - an uncursed ring of flight
 l - an uncursed ring of see invisible
 o - a +6 ring of strength (right claw)
 E - a +6 ring of strength (left claw)
 J - an uncursed ring of positive energy
 K - an uncursed ring of stealth
Wands
 e - a wand of paralysis (5)
 n - a wand of flame (49)
 r - a wand of polymorph (4)
 u - a wand of digging (6)
 x - a wand of enslavement (5)
 z - a wand of random effects (57)
Scrolls
 d - 15 scrolls of identify
 i - 3 scrolls of torment
 m - 3 scrolls of magic mapping
 p - a scroll of fog
 q - 5 scrolls of blinking
 s - 3 scrolls of amnesia
 v - 3 scrolls of enchant weapon
 w - 5 scrolls of teleportation
 y - a scroll of enchant armour
 L - a scroll of remove curse
Potions
 c - 3 potions of lignification
 f - a potion of resistance
 h - 2 potions of magic
 j - a potion of ambrosia
 k - 2 potions of cancellation
 t - a potion of brilliance
 B - 4 potions of curing
 D - 2 potions of haste
 G - 2 potions of might


   Skills:
 + Level 12.9 Fighting
 - Level 2.4 Dodging
 - Level 1.0 Stealth
 + Level 15.0 Unarmed Combat


You had 11 spell levels left.
You didn't know any spells.
Your spell library contained the following spells:

 Spells                   Type           Power        Failure   Level
 Animate Skeleton         Necr           0%           47%         1
 Magic Dart               Conj           0%           47%         1
 Pain                     Necr           0%           47%         1
 Blink                    Tloc           N/A          63%         2
 Call Imp                 Summ           0%           63%         2
 Slow                     Hex            0%           63%         2
 Conjure Flame            Conj/Fire      0%           85%         3
 Mephitic Cloud           Conj/Pois/Air  0%           85%         3
 Vampiric Draining        Necr           0%           85%         3
 Animate Dead             Necr           0%           99%         4
 Agony                    Necr           0%           100%        5


Dungeon Overview and Level Annotations

Branches:
Dungeon (13/15)            Temple (1/1) D:6            Lair (0/6) D:9
    Orc (0/2) D:12
 Vaults: D:13-14

Altars:
Ashenzari
Cheibriados
Dithmenos
Elyvilon
Fedhas
Gozag
Hepliaklqana
Kikubaaqudgha
Makhleb
Nemelex Xobeh
Okawaru
Qazlal
Ru
Sif Muna
Trog
Uskayaw
Vehumet
Wu Jian
Xom
Yredelemnul
Zin
The Shining One

Annotations:
D:6 2 transporters, lasso's ghost, novice GnCj


Innate Abilities, Weirdness & Mutations

You are too large for most types of armour.
You have claws for hands.
Your natural rate of healing is unusually fast.
You are covered in fur. (AC +1)
You have extremely tough skin. (AC +3)
You are partially covered in yellow scales. (AC +2)
You possess an exceptional clarity of mind.


Message History

The eight-headed hydra bites you but does no damage.
The eight-headed hydra bites you.
The eight-headed hydra bites you but does no damage.
The eight-headed hydra bites you. x2; The eight-headed hydra bites you! x2
The eight-headed hydra bites you.
It was a potion of mutation.
You feel extremely strange.
Your thoughts seem clearer.
Yellow scales grow over part of your body.
The eight-headed hydra bites you!
* * * LOW HITPOINT WARNING * * *
The eight-headed hydra bites you!
* * * LOW HITPOINT WARNING * * *
The eight-headed hydra bites you but does no damage.
The eight-headed hydra bites you!
* * * LOW HITPOINT WARNING * * *
The eight-headed hydra bites you!
* * * LOW HITPOINT WARNING * * *
The eight-headed hydra bites you but does no damage.
The eight-headed hydra bites you!
You die...

# #............#.##.####
###...########..........#
..+... #......###.#
###...# ..#....>.# #.# #
##..# #.#......# #.# #
##.# #.#......# #.# # #.#
#.......## #.# # #.#
#.....######.# #.#
#....@D).....# #####.#
#.#..#########
......######.#..#
.###.....)).....# .#
##..).†####..# ##
##.#.(## ##.#
##.###.######.# #.##
##.......#
##.###.########


You could see an eight-headed hydra.

Vanquished Creatures
  Rupert (D:13)
  An ettin (D:13)
  Snorg (D:12)
  A boulder beetle (D:13)
  2 two-headed ogres
  3 unseen horrors
  A deep elf mage (D:13)
  Pikel (D:4)
  A cyclops (D:13)
  Maurice (D:13)
  An ugly thing (D:10)
  A gargoyle (D:11)
  A guardian serpent (shapeshifter) (D:13)
  3 centaur skeletons
  Grinder (D:4)
  2 trolls
  A hornet (D:7)
  Sigmund (D:4)
  3 wraiths (D:13)
  2 wyverns
  25 yaks
  Grum (D:8)
  2 vampire mosquitoes (D:13)
  2 water moccasins
  8 orc warriors
  2 ice beasts
  4 sky beasts
  A black bear (D:10)
  2 phantoms
  4 necrophages
  6 ogres
  3 centaurs
  2 wolves (D:8)
  A lemure (D:4)
  4 big kobolds
  6 bullfrogs
  A wyvern zombie (D:7)
  A wyvern skeleton (D:7)
  6 jellies
  4 scorpions
  11 killer bees
  7 wights
  3 howler monkeys (D:13)
  An electric eel (D:7)
  3 centaur zombies
  9 orc priests
  21 orc wizards
  4 bullfrog skeletons
  Terence (D:2)
  7 iguanas
  7 worker ants
  A statue (D:6)
  A hound zombie (D:8)
  3 mummies (D:7)
  A worker ant zombie (D:7)
  Robin (D:2)
  7 gnolls
  10 adders
  2 shadow imps
  A white imp (D:6)
  3 ufetubi
  6 oozes
  An adder skeleton (D:6)
  A worm (D:2)
  4 dart slugs
  6 leopard geckos
  71 orcs
  4 giant cockroaches
  11 hobgoblins
  8 jackals
  18 kobolds
  6 quokkas
  5 bats
  6 frilled lizards
  16 goblins
  A jackal skeleton (D:5)
  A jackal zombie (D:7)
  A leopard gecko skeleton (D:5)
  A quokka zombie (D:8)
  2 rats (D:1)
387 creatures vanquished.

Vanquished Creatures (others)
  3 withered plants (D:7)
3 creatures vanquished.

Grand Total: 390 creatures vanquished

Notes
Turn   | Place    | Note
-------+----------+-------------------------------------------
     0 | D:1      | RUZZLEFAZAZZLE the Troll Monk began the quest for the Orb.
     0 | D:1      | Reached XP level 1. HP: 22/22 MP: 0/0
    95 | D:1      | Reached XP level 2. HP: 29/29 MP: 1/1
   272 | D:1      | Reached XP level 3. HP: 37/37 MP: 2/2
   781 | D:2      | Noticed Terence
   787 | D:2      | Killed Terence
   788 | D:2      | Reached skill level 4 in Unarmed Combat
   788 | D:2      | Reached XP level 4. HP: 45/45 MP: 3/3
   890 | D:2      | Noticed Robin
   917 | D:2      | Killed Robin
  1977 | D:3      | Reached XP level 5. HP: 54/54 MP: 4/4
  2324 | D:3      | Reached skill level 5 in Unarmed Combat
  2465 | D:3      | Reached XP level 6. HP: 51/62 MP: 3/5
  3096 | D:4      | Noticed Sigmund
  3103 | D:4      | Killed Sigmund
  3154 | D:4      | Reached skill level 5 in Fighting
  3154 | D:4      | Reached skill level 6 in Unarmed Combat
  3154 | D:4      | Reached XP level 7. HP: 16/72 MP: 1/6
  3365 | D:4      | Noticed Pikel
  3376 | D:4      | Paralysed by Pikel for 2 turns
  3382 | D:4      | Killed Pikel
  3383 | D:4      | Reached skill level 7 in Unarmed Combat
  3648 | D:4      | Noticed Grinder
  3661 | D:4      | Killed Grinder
  3662 | D:4      | Reached XP level 8. HP: 62/83 MP: 5/7
  4134 | D:5      | Entered Level 5 of the Dungeon
  4542 | D:5      | Found a burning altar of Makhleb.
  4906 | D:6      | Reached skill level 8 in Unarmed Combat
  4943 | D:6      | Found a staircase to the Ecumenical Temple.
  4956 | Temple   | Entered the Ecumenical Temple
  5038 | Temple   | Became a worshipper of Warmaster Okawaru
  5038 | Temple   | Reached * piety under Okawaru
  5038 | Temple   | Reached ** piety under Okawaru
  5168 | D:6      | You fall into a shaft and drop 3 floors!
  5175 | D:9      | Found a staircase to the Lair.
  5535 | D:7      | Reached XP level 9. HP: 82/93 MP: 6/8
  5679 | D:8      | Reached skill level 9 in Unarmed Combat
  5822 | D:7      | Found a sacrificial altar of Ru.
  5844 | D:7      | Reached *** piety under Okawaru
  5953 | D:7      | HP: 2/96 [killer bee (3)]
  6671 | D:6      | Found a transporter.
  6680 | D:6      | Found a transporter.
  6695 | D:6      | Noticed lasso's ghost (novice GnCj)
  6855 | D:6      | Found a radiant altar of Vehumet.
  7083 | D:7      | Paralysed by a hornet for 2 turns
  7086 | D:7      | Reached skill level 10 in Unarmed Combat
  7532 | D:8      | Reached **** piety under Okawaru
  7587 | D:8      | Reached XP level 10. HP: 79/107 MP: 5/9
  8182 | D:8      | Noticed Grum
  8189 | D:8      | Killed Grum
  8190 | D:8      | Reached skill level 11 in Unarmed Combat
  8424 | D:9      | Reached ***** piety under Okawaru
  8707 | D:9      | Reached skill level 10 in Fighting
  9039 | D:10     | Entered Level 10 of the Dungeon
  9048 | D:10     | Noticed a two-headed ogre
  9062 | D:10     | Killed a two-headed ogre
  9063 | D:10     | Reached skill level 12 in Unarmed Combat
  9313 | D:10     | Found a shadowy altar of Dithmenos.
  9368 | D:10     | Reached XP level 11. HP: 103/119 MP: 7/10
  9424 | D:10     | Received a gift from Okawaru
  9487 | D:10     | Noticed a purple ugly thing
  9497 | D:10     | Killed a purple ugly thing
 10134 | D:11     | Found a broken altar of Ashenzari.
 10134 | D:11     | Found a broken altar of Ashenzari.
 10201 | D:11     | Found a shadowy altar of Dithmenos.
 10776 | D:12     | Received a gift from Okawaru
 10781 | D:12     | Got a twisted longbow {god gift}
 10782 | D:12     | Identified the +2 longbow of Ovich {freeze, +Fly Int+2}
                  | (Okawaru gifted it to you on level 12 of the Dungeon)
 10828 | D:12     | Noticed an unseen horror
 10838 | D:12     | Killed an unseen horror
 10839 | D:12     | Reached skill level 13 in Unarmed Combat
 11114 | D:12     | Noticed an unseen horror
 11115 | D:12     | Killed an unseen horror
 11173 | D:12     | Noticed Snorg
 11181 | D:12     | Killed Snorg
 11181 | D:12     | Received a gift from Okawaru
 11267 | D:12     | Found a staircase to the Orcish Mines.
 11371 | D:12     | Found the +8 mithril axe "Arga" {speed, Will+}
 11448 | D:13     | Upgraded the game from 0.26.1-2-gb8aa6d0cf2 to
                  | 0.26.1-11-gd32895ea62
 11455 | D:13     | Noticed Maurice
 11463 | D:13     | Killed Maurice
 11530 | D:13     | Noticed Rupert
 11543 | D:13     | Killed Rupert
 11543 | D:13     | Received a gift from Okawaru
 11544 | D:13     | Reached skill level 14 in Unarmed Combat
 11544 | D:13     | Reached XP level 12. HP: 98/132 MP: 11/11
 11566 | D:13     | Found a blossoming altar of Fedhas.
 11774 | D:13     | Noticed a boulder beetle
 11779 | D:13     | Killed a boulder beetle
 11790 | D:13     | Reached ****** piety under Okawaru
 12192 | D:13     | Noticed a two-headed ogre
 12197 | D:13     | Killed a two-headed ogre
 12547 | D:13     | Noticed an ettin
 12550 | D:13     | Noticed an eight-headed hydra
 12552 | D:13     | Killed an ettin
 12557 | D:13     | Reached skill level 15 in Unarmed Combat
 12561 | D:13     | Gained mutation: You possess an exceptional clarity of
                  | mind. [potion of mutation]
 12561 | D:13     | Gained mutation: You are partially covered in yellow
                  | scales. (AC +2) [potion of mutation]
 12561 | D:13     | HP: 3/133 [eight-headed hydra (13)]
 12561 | D:13     | Mangled by an eight-headed hydra

Illustrated notes

Levels and vault maps discovered:
D:1:      dpeg_cavernosity, layout_basic, minmay_pentomino_w2
D:2:      layout_basic, uniq_robin, uniq_terence
D:3:      layout_basic, palyth_stone_intersect, minmay_misc_feat_secret_circle,
          minivault_24
D:4:      layout_basic, uniq_grinder, uniq_sigmund, uniq_pikel
D:5:      layout_gridville, lemuel_coloured_pillars_altar
D:6:      layout_basic, vehumet_statue, minmay_temple_entry_ruins,
          gammafunk_ghost_stat_death
D:7:      layout_cave_pools, serial_undead, serial_undead_a, serial_undead_d,
          serial_undead_c, serial_undead_e, serial_undead_f, serial_undead_f,
          nicolae_ru_awakened_eye
D:8:      layout_basic, serial_corexii_hall, corexii_hall_statues_l,
          chequers_hall_statues_corner_a, uniq_grum
D:9:      layout_cave_pools, dpeg_oklobed_lair
D:10:     layout_gridville, nicolae_dithmenos_shadow_blocks
D:11:     layout_cave_pools, basic_altar, hangedman_feature_mirror
D:12:     layout_loops_ring, orc_0_dummy, uniq_snorg
D:13:     layout_loops_corners, david_vaults_4, basic_altar, uniq_rupert,
          uniq_maurice
Temple:   regret_index_temple_chain_breaker

Skill      XL: |  1  2  3  4  5  6  7  8  9 10 11 12 |
---------------+-------------------------------------+-----
Fighting       | 3 4 5 6 7 9 10 12 | 12.9
Unarmed Combat | 4 5 6 7 8 10 12 14 15 | 15.0
Dodging        | |  2.4
Stealth        | |  1.0

Action                   |  1- 3 |  4- 6 |  7- 9 | 10-12 || total
-------------------------+-------+-------+-------+-------++-------
Melee: Unarmed           |    70 |   173 |   277 |   484 ||  1004
       Punch             |       |       |    12 |    47 ||    59
Invok: Heroism           |       |       |     2 |     9 ||    11
Evoke: Wand              |       |       |     3 |     1 ||     4
  Use: Scroll            |       |     7 |     8 |     2 ||    17
       Potion            |       |     7 |     5 |     4 ||    16
 Stab: Sleeping          |       |       |     1 |     2 ||     3
Armor: Robe              |    32 |    69 |    77 |    42 ||   220
       Troll leather arm |       |       |       |   115 ||   115
Dodge: Dodged            |    36 |   102 |   142 |   235 ||   515
